 Dungeon Crawl Stone Soup version 0.24.0-41-g2ae2f7f1be (webtiles) character file.

Game seed: 17440690011186704422, levelgen mode: deterministic

4245 Heliosone the Ruffian (level 10, -2/69 HPs)
             Began as an Octopode Transmuter on Dec 12, 2019.
             Was a Follower of Ashenzari.
             Slain by a gnoll
             ... wielding a +0 club
              (3 damage)
             ... on level 9 of the Dungeon.
             The game lasted 00:29:37 (14223 turns).

Heliosone the Ruffian (Octopode Transmuter)        Turns: 14223, Time: 00:29:38

Health: -2/69      AC:  2    Str: 13    XL:     10   Next: 30%
Magic:  0/14       EV: 25    Int: 16    God:    Ashenzari [*.....]
Gold:   363        SH:  0    Dex: 17    Spells: 4/14 levels left

rFire    . . .     SeeInvis .     - Unarmed
rCold    . . .     Gourm    .   (shield currently unavailable)
rNeg     . . .     Faith    .   (helmet currently unavailable)
rPois    x         Spirit   +   k - amulet of guardian spirit
rElec    .         Reflect  .   (no ring)
rCorr    .         Harm     .   (no ring)
MR       .....                  (no ring)
Stlth    +++.......             (no ring)
HPRegen  0.21/turn              (no ring)
MPRegen  0.14/turn              (no ring)
                                (no ring)
                                (no ring)

@: spider-form
A: tiny, almost no armour, stealthy swim, (amphibious), 8 rings, (constrict 8)
a: End Transformation, Curse Item, Scrying, Renounce Religion


You were on level 9 of the Dungeon.
You worshipped Ashenzari.
Ashenzari was aware of your devotion.
You were hungry.
You were a venomous arachnid creature.
You visited 2 branches of the dungeon, and saw 10 of its levels.
You also visited: Bailey.

You collected 363 gold pieces.

Inventory:

Missiles
 a - 164 arrows
 e - 6 atropa-tipped darts
 v - 32 poisoned darts (quivered)
 F - 40 boomerangs
Magical Staves
 r - an uncursed staff of fire
Jewellery
 k - an amulet of guardian spirit (around neck)
Wands
 A - a wand of flame (10)
 B - a wand of random effects (25)
 H - a wand of enslavement (12)
 I - a wand of digging (4)
 J - a wand of paralysis (11)
Scrolls
 d - 2 scrolls of identify
 f - 5 scrolls of remove curse
 g - 2 scrolls of enchant armour
 j - 2 scrolls of fog {unknown}
 o - 2 scrolls of amnesia {unknown}
 p - a scroll of magic mapping {unknown}
 q - a scroll of noise {unknown}
 s - 2 scrolls of blinking {unknown}
 t - 2 scrolls of teleportation {unknown}
 x - 2 scrolls of enchant weapon {unknown}
 y - a scroll of summoning {unknown}
 E - a scroll of fear {unknown}
 G - a scroll of torment {unknown}
 K - a scroll of immolation {unknown}
Potions
 b - 5 potions of flight
 h - 2 potions of curing
 i - 3 potions of magic
 l - a potion of might {unknown}
 m - 2 potions of lignification
 n - 2 potions of ambrosia {unknown}
 u - 3 potions of cancellation {unknown}
 w - a potion of brilliance {unknown}
 z - a potion of agility
 C - 3 potions of heal wounds {unknown}
 D - 2 potions of mutation {unknown}
Comestibles
 c - 15 rations


   Skills:
 - Level 6.8 Fighting
 - Level 6.3 Dodging
 - Level 5.0 Stealth
 - Level 7.4 Unarmed Combat
 + Level 2.8 Spellcasting
 - Level 6.3 Transmutations
 - Level 5.1 Ice Magic
 - Level 2.0 Poison Magic


You had 4 spell levels left.
You knew the following spells:

 Your Spells              Type           Power        Failure   Level  Hunger
a - Beastly Appendage     Tmut           ###...       6%          1    #......
b - Sticks to Snakes      Tmut           ###.....     9%          2    ##.....
c - Spider Form           Tmut/Pois      ###.......   26%         3    ###....
d - Ice Form              Ice/Tmut       ###.....     38%         4    #####..

Your spell library contained the following spells:

 Spells                   Type           Power        Failure   Level  Hunger
 Ensorcelled Hibernation  Hex/Ice        ##....       24%         2    ##.....
 Corona                   Hex            #......      38%         1    #......
 Confuse                  Hex            #.......     71%         3    ###....
 Dazzling Spray           Conj/Hex       #.....       71%         3    ###....
 Tukima's Dance           Hex            #.......     71%         3    ###....
 Blade Hands              Tmut           ###.......   58%         5    ######.


Dungeon Overview and Level Annotations

Branches:
Dungeon (9/15)             Temple (1/1) D:4            Lair (0/6) D:8
 Bailey (visited)
    Orc: D:9-12

Altars:
Ashenzari
Cheibriados
Dithmenos
Gozag
Hepliaklqana
Kikubaaqudgha
Makhleb
Okawaru
Qazlal
Ru
Sif Muna
Trog
Uskayaw
Vehumet
Wu Jian
Yredelemnul
Zin
The Shining One

Shops:
D:5 *

Annotations:
D:8 1 runed translucent door, exclusion: two-headed ogre, H0rd4k's ghost, novice DEWz


Innate Abilities, Weirdness & Mutations

You cannot wear most types of armour.
You are very stealthy in the water. (Stealth+)
((You are amphibious.))
You can wear up to eight rings at the same time.
((You can use your tentacles to constrict eight enemies at once.))
((Your skin changes colour to match your surroundings (Stealth+).))
((Your rubbery body absorbs attacks. (AC +1, EV +1)))


Message History

You bite the gnoll!
The gnoll is severely wounded.
The gnoll misses you. Something hits you but does no damage.
The orc sorcerer gestures at you while chanting.
The bolt of fire misses the gnoll.
The bolt of fire misses you.
You bump into the rock wall.
Something closely misses you. The gnoll hits you with a +0 club!
* * * LOW HITPOINT WARNING * * *
You bump into the rock wall.
You hear some strange, mumbled words.
A puff of flame appears from out of thin air!
The puff of flame misses you. The gnoll misses you.
You bump into the rock wall.
You feel less confused.
You hear some strange, mumbled words.
A magic dart appears from out of thin air!
The magic dart hits you!
* * * LOW HITPOINT WARNING * * *
The gnoll hits you with a +0 club.
You die...

#.## ......# . ...... ..
##### #####.##.##..
##...###.##...#....#
###.... #.............
##..... #.............
##....{#####...[........
#....hgs##..............
#....o###......(........
##....####..............
##..).#.................
#....h.#..#...........#.
##......!....###....#.##
#....≈≈o.≈≈≈..##....###.
###.≈≈##.##≈≈.###..## #.
#.≈##...##≈.# ##.. #.


You could see an orc sorcerer, a hound and a gnoll.

Vanquished Creatures
  An orc knight (Bailey)
  4 hogs (D:8)
  A human (D:8)
  Edmund (D:6)
  8 orc warriors
  2 black bears
  A phantom (D:6)
  2 ice beasts
  3 ogres
  2 centaurs (D:5)
  The ghost of dragonscale333 the Conjurer, an amateur OpCj (D:4)
  A bullfrog (D:7)
  4 scorpions
  A water moccasin skeleton (D:9)
  A howler monkey (D:6)
  A bullfrog zombie (D:5)
  4 crimson imps
  3 hounds
  3 orc priests
  3 orc wizards
  A bullfrog skeleton (D:5)
  2 jellies
  2 centaur skeletons
  3 worker ants
  A mummy (D:5)
  Robin (D:3)
  5 gnolls (D:3)
  11 adders
  3 shadow imps
  An ooze (D:1)
  An adder zombie (D:2)
  4 adder skeletons
  2 worms
  A dart slug (D:1)
  6 leopard geckos
  26 orcs
  6 giant cockroaches
  10 hobgoblins
  7 jackals
  6 quokkas
  3 ball pythons (D:2)
  3 bats
  5 frilled lizards
  10 goblins
  A hobgoblin zombie (D:5)
  A jackal skeleton (D:7)
  21 kobolds
  A leopard gecko zombie (D:5)
  An orc zombie (D:5)
  A quokka skeleton (D:4)
  7 rats
  A butterfly (D:4)
201 creatures vanquished.

Vanquished Creatures (collateral kills)
  A gnoll (D:3)
  An adder skeleton (D:2)
  A ball python (D:2)
  A bat zombie (D:2)
  2 giant cockroaches
  A giant cockroach zombie (D:2)
  A leopard gecko skeleton (D:2)
8 creatures vanquished.

Vanquished Creatures (others)
  6 plants (D:8)
6 creatures vanquished.

Grand Total: 215 creatures vanquished

Notes
Turn   | Place    | Note
-------+----------+-------------------------------------------
     0 | D:1      | Heliosone the Octopode Transmuter began the quest for the
                  | Orb.
     0 | D:1      | Reached XP level 1. HP: 13/13 MP: 3/3
   231 | D:1      | Reached skill level 1 in Stealth
   342 | D:1      | Reached XP level 2. HP: 16/18 MP: 5/5
   518 | D:1      | Learned a level 2 spell: Sticks to Snakes
  1049 | D:2      | Reached XP level 3. HP: 15/23 MP: 6/6
  1197 | D:2      | Learned a level 3 spell: Spider Form
  1387 | D:2      | Reached skill level 1 in Poison Magic
  1809 | D:2      | Reached XP level 4. HP: 13/28 MP: 5/7
  2538 | D:3      | Reached XP level 5. HP: 15/33 MP: 4/8
  3225 | D:3      | Found a bloodstained altar of Trog.
  3225 | D:3      | Found an ancient bone altar of Kikubaaqudgha.
  3225 | D:3      | Found a shadowy altar of Dithmenos.
  3729 | D:3      | Noticed Robin
  3738 | D:3      | Killed Robin
  4129 | D:4      | Reached XP level 6. HP: 31/41 MP: 1/9
  4346 | D:4      | Found a staircase to the Ecumenical Temple.
  4398 | D:4      | Found a runed translucent door.
  4398 | D:4      | Noticed dragonscale333's ghost (amateur OpCj)
  4405 | D:4      | Reached skill level 4 in Unarmed Combat
  4747 | D:4      | Killed dragonscale333's ghost
  4915 | Temple   | Entered the Ecumenical Temple
  4955 | Temple   | Became a worshipper of Ashenzari the Shackled
  5105 | D:4      | Reached skill level 5 in Stealth
  5712 | D:5      | Entered Level 5 of the Dungeon
  5712 | D:5      | Noticed an ice beast
  6110 | D:3      | Reached XP level 7. HP: 46/46 MP: 4/10
  6219 | D:5      | Found a hazy altar of Hepliaklqana.
  6353 | D:5      | Found a sand-covered staircase.
  6822 | D:5      | Reached skill level 5 in Unarmed Combat
  7019 | D:5      | Found Ilut's Assorted Antiques.
  7283 | D:6      | Noticed Edmund
  7293 | D:6      | Reached XP level 8. HP: 54/54 MP: 7/11
  7329 | D:6      | Killed Edmund
  7704 | D:6      | Reached skill level 5 in Fighting
  7807 | D:6      | Reached skill level 6 in Unarmed Combat
  7875 | D:6      | Found a stormy altar of Qazlal.
  8030 | D:7      | Found a flagged portal.
  8038 | Bailey   | Entered a bailey
  8805 | Bailey   | Reached skill level 5 in Dodging
  9039 | Bailey   | HP: 2/56 [kobold/boomerang (5)]
  9620 | Bailey   | Noticed an orc knight
  9992 | Bailey   | Killed an orc knight
  9992 | Bailey   | Reached skill level 7 in Unarmed Combat
  9992 | Bailey   | Reached XP level 9. HP: 56/63 MP: 10/12
 11101 | D:7      | Learned a level 4 spell: Ice Form
 11137 | D:7      | Reached skill level 1 in Ice Magic
 11916 | D:7      | Found a radiant altar of Vehumet.
 11989 | D:7      | Found a stormy altar of Qazlal.
 12035 | D:8      | Reached * piety under Ashenzari
 12040 | D:8      | Noticed a two-headed ogre
 12044 | D:8      | Found a staircase to the Lair.
 12085 | D:8      | Reached skill level 5 in Transmutations
 12548 | D:8      | Reached XP level 10. HP: 44/69 MP: 7/13
 12958 | D:8      | Found a runed translucent door.
 12960 | D:8      | Noticed H0rd4k's ghost (novice DEWz)
 12961 | D:8      | Identified the +3 spear "Umossyfe" {protect, +Fly rPois}
 13297 | D:8      | Reached skill level 5 in Ice Magic
 14190 | D:9      | Noticed an orc sorcerer
 14207 | D:9      | Paralysed by an orc sorcerer for 3 turns
 14223 | D:9      | HP: 1/69 [something/magic dart (8)]
 14223 | D:9      | Slain by a gnoll

Levels and vault maps discovered:
D:1:      ebering_hopf_link, layout_loops_ring
D:2:      minmay_skewed_foursquare, layout_rooms, first_ration, serial_undead,
          serial_undead_d, serial_undead_c, serial_undead_b, serial_undead_f,
          minmay_shallow_snake_nest
D:3:      layout_loops_ring, chequers_temple_overflow_statue_of_worship,
          uniq_robin
D:4:      layout_gridville, minmay_temple_entry_butterflies,
          gammafunk_ghost_grave
D:5:      layout_rooms, overflow_temple_1_default, serial_shops,
          nicolae_shop_overgrown_old_shop, nicolae_ossuary_entry_giza,
          hangedman_glass_teeth
D:6:      layout_rooms, kennysheep_mini, uniq_edmund
D:7:      layout_rooms, marbit_many_paths, enter_bailey_6,
          hangedman_abyss_or_decor_lesser_grid, nicolae_qazlal_eye_of_the_storm
D:8:      layout_layer_cave, lair_entry_dummy, ebering_ghost_funeral_grove,
          grunt_livestock
D:9:      cheibrodos_wizards_tower, layout_cave_pools, tgw_fedhas,
          ebering_ghost_disaster_area, roderic_lattice_a, roderic_batcave,
          minivault_10, st_stairs_10
Temple:   regret_index_temple_waves

Skill      XL: |  1  2  3  4  5  6  7  8  9 10 |
---------------+-------------------------------+-----
Stealth        | 1 2 3 4 5 |  5.0
Transmutations | 3 5 6 |  6.3
Poison Magic   | 1 2 |  2.0
Fighting       | 2 3 4 6 |  6.8
Unarmed Combat | 4 5 7 |  7.4
Dodging        | 3 5 6 |  6.3
Ice Magic      | 4 5 |  5.1
Spellcasting   | |  2.8

Action                   |  1- 3 |  4- 6 |  7- 9 | 10-12 || total
-------------------------+-------+-------+-------+-------++-------
Melee: Unarmed           |    79 |   163 |   345 |    61 ||   648
       Constrict         |    21 |    18 |    25 |       ||    64
       Tentacles         |    11 |    10 |    15 |       ||    36
       Punch             |     2 |     1 |     3 |       ||     6
       Kick              |     2 |     5 |    12 |       ||    19
Throw: Dart              |     2 |     1 |     9 |       ||    12
 Cast: Sticks to Snakes  |     3 |    13 |    10 |       ||    26
       Beastly Appendage |     3 |     3 |     5 |       ||    11
       Spider Form       |       |    14 |    28 |     8 ||    50
Evoke: Wand              |       |       |       |     4 ||     4
  Use: Potion            |       |     2 |       |     1 ||     3
       Scroll            |       |     3 |       |       ||     3
 Stab: Sleeping          |    14 |    15 |     9 |     1 ||    39
  Eat: Ration            |     1 |     1 |     4 |     1 ||     7
       Chunk             |       |    13 |    11 |     2 ||    26
Armor: Skin              |     6 |    10 |    21 |     2 ||    39
Dodge: Dodged            |    35 |   127 |   413 |    73 ||   648
